 Dungeon Crawl Stone Soup version 0.30-a0-737-gf23d94013f (webtiles) character file.

Game seed: 11523206964418371829

76 dialectric the Covered (level 4, 0/28 HPs)
             Began as a Gargoyle Fighter on Feb 2, 2023.
             Was an Initiate of Yredelemnul.
             Slain by a hound (1 damage)
             ... on level 4 of the Dungeon.
             The game lasted 00:02:26 (2076 turns).

dialectric the Covered (Gargoyle Fighter)           Turns: 2076, Time: 00:02:27

Health: 0/28       AC: 10    Str: 22    XL:     4   Next: 32%
Magic:  4/4        EV:  9    Int:  8    God:    Yredelemnul [......]
Gold:   222        SH:  0    Dex:  9    Spells: 3/3 levels left

rFire   . . .      SeeInvis .    a - +0 long sword
rCold   . . .      Faith    .    (no shield)
rNeg    + . .      Spirit   .    b - +0 scale mail
rPois   ∞          Reflect  .    (no helmet)
rElec   +          Harm     .    (no cloak)
rCorr   .          Rampage  .    (no gloves)
Will    .....                    (no boots) Stlth
                                 (no amulet)
HPRegen 0.24/turn                (no ring)
MPRegen 0.09/turn                (no ring)

@: mighty
A: sickness immunity, AC +3, negative energy resistance 1, electricity
resistance, torment resistance 1, petrification resistance
a: Renounce Religion, Recall Undead Harvest


You were on level 4 of the Dungeon.
You worshipped Yredelemnul.
Yredelemnul was noncommittal.
You visited 1 branch of the dungeon, and saw 4 of its levels.

You collected 222 gold pieces.

Inventory:

Hand Weapons
 a - a +0 long sword (weapon)
Armour
 b - a +0 scale mail (worn)
 c - a +0 buckler
 l - a +0 chain mail
Scrolls
 g - 2 scrolls of blinking {unknown}
 h - 2 scrolls of immolation {unknown}
 i - a scroll of brand weapon {unknown}
 j - a scroll of teleportation {unknown}
 k - a scroll of enchant armour {unknown}
 m - a scroll of identify {unknown}
 n - a scroll of torment {unknown}
 o - a scroll of silence {unknown}
 s - a scroll of amnesia {unknown}
Potions
 e - a potion of heal wounds {unknown}
 f - a potion of attraction {unknown}
 p - a potion of degeneration {unknown}
 q - a potion of brilliance {unknown}
 r - a potion of curing {unknown}


   Skills:
 + Level 3.4 Fighting
 * Level 3.5 Long Blades
 * Level 3.7 Armour
 + Level 0.3 Dodging
 - Level 3.2 Shields


You had 3 spell levels left.
You didn't know any spells.
Your spell library contained the following spells:

 Spells                   Type           Power      Damage    Failure   Level
 Blink                    Tloc           0%         N/A       86%         2
 Lesser Beckoning         Tloc           0%         N/A       86%         2
 Momentum Strike          Conj/Tloc      0%         3d8       86%         2


Dungeon Overview and Level Annotations

Branches:
Dungeon (3/15)

Altars:
Kikubaaqudgha
Yredelemnul


Innate Abilities, Weirdness & Mutations

You are immune to sickness and miasma.
Your stone body is resilient. (AC +3)
You are immune to poison.
You resist negative energy. (rN+)
You are resistant to electric shocks. (rElec)
You are resistant to unholy torment.
You are immune to petrification.


Message History

The hound is heavily wounded.
The adder bites you. The hound bites you but does no damage.
The hound bites you. The adder bites you but does no damage.
You closely miss the adder. The hound bites you but does no damage.
The adder bites you but does no damage.
Unknown command.
You hit the adder but do no damage. The hound bites you but does no damage.
The adder bites you but does no damage. The hound bites you but does no damage.
The adder bites you.
Unknown command.
You feel very mighty all of a sudden. The hound barely misses you.
The adder bites you but does no damage. The hound bites you but does no damage.
You slash the adder!
You kill the adder!
The hound bites you.
* * * LOW HITPOINT WARNING * * *
The hound bites you.
* * * LOW HITPOINT WARNING * * *
The hound attacks as you move away! The hound bites you but does no damage.
You barely miss the hound.
The hound is heavily wounded.
The hound bites you but does no damage. x2
You barely miss the hound.
The hound is heavily wounded.
The hound bites you.
* * * LOW HITPOINT WARNING * * *
The hound bites you but does no damage.
You closely miss the hound.
The hound is heavily wounded.
The hound closely misses you. The hound bites you.
* * * LOW HITPOINT WARNING * * *
You completely miss the hound.
The hound is heavily wounded.
The hound bites you but does no damage. x2
You slash the hound!
The hound is almost dead.
The hound barely misses you. The hound bites you.
You die...
Your body rises from the dead as a mindless zombie.

##. .. #..# .
...##.## #.....###
#..#... #....# #..#
# # ##h#.# #. #@#.#
#.# ##...# ##..###
###....# .##.....#
#...#.......
........##
##...#.##....
..#......###....#.#
..##
######..........#
.# #...######## .
#.^.#


You could see a hound.

Vanquished Creatures
  3 adders
  A worm (D:2)
  2 dart slugs
  2 giant cockroaches (D:1)
  6 goblins
  4 hobgoblins
  2 jackals (D:1)
  2 kobolds
  2 quokkas
  6 ball pythons
  2 bats (D:1)
  4 frilled lizards
  7 rats
43 creatures vanquished.

Vanquished Creatures (others)
  4 toadstools (D:1)
4 creatures vanquished.

Grand Total: 47 creatures vanquished

Notes
Turn   | Place    | Note
-------+----------+-------------------------------------------
     0 | D:1      | dialectric the Gargoyle Fighter began the quest for the
                  | Orb.
     0 | D:1      | Reached XP level 1. HP: 14/14 MP: 1/1
   190 | D:1      | Reached XP level 2. HP: 12/19 MP: 2/2
  1081 | D:2      | Reached XP level 3. HP: 23/23 MP: 3/3
  1228 | D:2      | Found a faded altar of an unknown god.
  1538 | D:3      | Found an ancient bone altar of Kikubaaqudgha.
  1591 | D:3      | Found a basalt altar of Yredelemnul.
  1784 | D:3      | Became a worshipper of Yredelemnul the Dark
  1996 | D:3      | Reached XP level 4. HP: 28/28 MP: 4/4
  2032 | D:3      | You fall into a shaft and drop 1 floor!
  2074 | D:4      | HP: 1/28 [hound (3)]
  2076 | D:4      | Slain by a hound

Illustrated notes

Levels and vault maps discovered:
D:1:      psy_arrival_radial02, layout_basic, hex_large,
          minmay_gold_behind_fungi, minmay_misc_feat_five
D:2:      layout_rooms, shapermc_ecumenical_altar_mp_vishouse
D:3:      layout_rooms, yredelemnul_altar_generic,
          nicolae_overflow_hidden_temple, kiku_gazebo_pond_becter
D:4:      cheibrodos_greedy_goblins, layout_loops_cross,
          nicolae_vehumet_altar_sigil, xom_redecorated, nicolae_elemental_shop,
          minmay_misc_feat_x, uniq_crazy_yiuf_cottage, uniq_menkaure,
          uniq_sigmund, uniq_edmund

Skill      XL: |  1  2  3 |
---------------+----------+-----
Long Blades    | 2 3 |  3.5
Fighting       | |  3.4
Armour         | |  3.7
Dodging        | |  0.3
Shields        | |  3.2

Action                     |  1- 3 |  4- 6 || total
---------------------------+-------+-------++-------
  Melee: Long sword        |   172 |    23 ||   195
         Punch             |     2 |       ||     2
    Use: Potion            |       |     1 ||     1
 Armour: Scale mail        |    90 |    30 ||   120
  Dodge: Dodged            |    83 |    20 ||   103

Table legend: (Time is in decaauts)
 A = Elapsed time spent in this place.
 B = Non-inter-level travel time spent in this place.
 C = Inter-level travel time spent in this place.
 D = Time resting spent in this place.
 E = Time spent auto-exploring this place.
 F = Levels seen in this place.
 G = Mean time per level.
                   A        B        C        D        E       F      G
               +--------+--------+--------+--------+--------+-----+--------+
         Total |   2126 |   2009 |    117 |     42 |   1479 |   4 |  531.5 |
       Dungeon |   2126 |   2009 |    117 |     42 |   1479 |   4 |  531.5 |
               +--------+--------+--------+--------+--------+-----+--------+

Top non-repeatable levels by time:
     D:1: 842 daAuts
     D:2: 646 daAuts
     D:3: 588 daAuts
     D:4: 49 daAuts
